 Dungeon Crawl Stone Soup version 0.31-a0-801-gc67433417a (webtiles) character file.

Game seed: 10335157099909216543

121 Ivernyr the Slasher (level 5, 27/27 HPs)
             Began as a Vine Stalker Gladiator on Sept 20, 2023.
             Got out of the dungeon alive.
             The game lasted 00:03:51 (1994 turns).

Ivernyr the Slasher (Vine Stalker Gladiator)        Turns: 1994, Time: 00:03:51

Health: 27/27      AC:  4    Str: 17    XL:     5   Next: 5%
Magic:  6/6        EV: 13    Int:  8    God:
Gold:   111        SH:  0    Dex: 17    Spells: 4/4 levels left

rFire   . . .        a - +0 long sword
rCold   . . .        (no shield)
rNeg    . . .        b - +0 leather armour
rPois   .            c - +0 helmet
rElec   .            (no cloak)
rCorr   .            (no gloves)
SInv    .            (no boots)
Will    .....        (no amulet)
Stlth   +            (no ring)
HPRegen 1.04/turn    (no ring)
MPRegen 0.10/turn

%: guardian spirit
@: no status effects
A: fangs 2, regeneration 1, magic shield, antimagic bite, no potion heal 2
a: no special abilities


You escaped.
You visited 1 branch of the dungeon, and saw 3 of its levels.

You collected 111 gold pieces.

Inventory:

Hand Weapons
 a - a +0 long sword (weapon)
Missiles
 d - 3 throwing nets (quivered)
 e - a javelin
Armour
 b - a +0 leather armour (worn)
 c - a +0 helmet (worn)
Scrolls
 f - 2 scrolls of enchant armour {unknown}
 i - a scroll of blinking {unknown}
 j - a scroll of identify {unknown}
 l - a scroll of amnesia {unknown}
Potions
 g - a potion of curing {unknown}
 h - a potion of cancellation {unknown}
 k - a potion of berserk rage {unknown}


   Skills:
 + Level 2.4 Fighting
 * Level 3.9 Long Blades
 - Level 1.7 Throwing
 + Level 1.3 Armour
 + Level 3.0 Dodging


You had 4 spell levels left.
You didn't know any spells.
Your spell library was empty.

Dungeon Overview and Level Annotations

Branches:
Dungeon (3/15)

Altars:
Zin


Innate Abilities, Weirdness & Mutations

You have extremely sharp teeth.
Your natural rate of healing is unusually fast.
When hurt, damage is shared between your health and your magic reserves.
Your bite disrupts and absorbs the magic of your enemies.
Potions cannot restore your health.


Message History

The adder is severely wounded.
The adder misses you.
You closely miss the adder. You bite the adder. You drain its power.
The adder is severely wounded.
The adder bites you but does no damage. The adder bites you.
You are poisoned.
The adder poisons you!
You hit the adder. Your punch misses the adder.
The adder is almost dead.
You feel sick. The adder bites you.
You are more poisoned.
The adder poisons you!
You hit the adder.
You kill the adder!
You feel sick.
Your Dodging skill increases to level 3!
You have reached level 5!
You feel sick.
You feel sick.
You feel sick.
You feel sick.
You feel sick.
You feel sick.
You feel sick.
You are no longer poisoned.
You see here an adder corpse.
Found a blade talisman.
What level of the Dungeon? (default 3, ? - help)
You see here 6 stones.
There is a stone staircase leading up here.
You climb upwards.
There is a stone staircase leading down here.
There is a stone staircase leading up here.
You climb upwards.
There is a stone staircase leading down here.
There is an open door here.
There is a staircase leading out of the dungeon here.
You can't go down here!
Unknown command.
You have escaped!

.#.# #.# #.........# .#.# #.##
#........># .#.#
#..##########.#######
...######.............#
..........#...##'##...#
.......####.[.#...#...#
#.........#.###.8.###.#
#.........#.#.......#.#
#.........#.#.8.@.8.#.#
#.........#.#.......#.#
..........#.###.8.###.#####
..........#...#...#.......# ##
..........#...##+##.......# #.
..........................# #.
..........############....# #.
..........# #....# #.
..........############....######.


There were no monsters in sight!

Vanquished Creatures
  6 adders
  A worm (D:2)
  A dart slug (D:1)
  6 orcs (D:3)
  5 ball pythons
  3 bats
  5 endoplasms
  A giant cockroach (D:3)
  3 goblins
  3 hobgoblins
  7 jackals (D:2)
  A quokka (D:3)
  2 frilled lizards (D:1)
  4 kobolds
  8 rats
56 creatures vanquished.

Notes
Turn   | Place    | Note
-------+----------+-------------------------------------------
     0 | D:1      | Ivernyr the Vine Stalker Gladiator began the quest for the
                  | Orb.
     0 | D:1      | Reached XP level 1. HP: 11/11 MP: 2/2
   194 | D:1      | Reached XP level 2. HP: 14/15 MP: 1/3
   879 | D:2      | Reached XP level 3. HP: 18/18 MP: 4/4
  1049 | D:2      | Reached skill level 1 in Armour
  1104 | D:2      | Reached XP level 4. HP: 23/23 MP: 5/5
  1571 | D:3      | Found a glowing silver altar of Zin.
  1814 | D:3      | Reached XP level 5. HP: 22/27 MP: 4/6
  1994 | D:$      | Got out of the dungeon alive.

Illustrated notes

Levels and vault maps discovered:
D:1:      dpeg_arrival_simpleton_c, layout_basic
D:2:      layout_loops_ring
D:3:      layout_basic, nicolae_overflow_ecumenical_swirl, lemuel_round_altar

Skill      XL: |  1  2  3  4 |
---------------+-------------+-----
Long Blades    | 3 |  3.9
Fighting       | 2 |  2.4
Armour         | 1 |  1.3
Dodging        | 3 |  3.0
Throwing       | |  1.7

Action                     |  1- 3 |  4- 6 || total
---------------------------+-------+-------++-------
  Melee: Long sword        |    88 |    49 ||   137
         Bite              |    18 |    10 ||    28
         Punch             |     3 |       ||     3
   Stab: Sleeping          |       |     1 ||     1
 Armour: Leather armour    |    55 |    30 ||    85
  Dodge: Dodged            |    55 |    32 ||    87

Table legend: (Time is in decaauts)
 A = Elapsed time spent in this place.
 B = Non-inter-level travel time spent in this place.
 C = Inter-level travel time spent in this place.
 D = Time resting spent in this place.
 E = Time spent auto-exploring this place.
 F = Levels seen in this place.
 G = Mean time per level.
                   A        B        C        D        E       F      G
               +--------+--------+--------+--------+--------+-----+--------+
         Total |   2027 |   1919 |    108 |      0 |   1530 |   3 |  675.7 |
       Dungeon |   2027 |   1919 |    108 |      0 |   1530 |   3 |  675.7 |
               +--------+--------+--------+--------+--------+-----+--------+

Top non-repeatable levels by time:
     D:1: 889 daAuts
     D:2: 696 daAuts
     D:3: 441 daAuts
